 Dungeon Crawl Stone Soup version 0.27.1 (webtiles) character file.

Game seed: 14619127088798503407

138 hawla the Grave Robber (level 5, -1/30 HPs)
             Began as a Deep Elf Necromancer on Sept 2, 2021.
             Killed by divine providence
             ... invoked by an orc priest
              (14 damage)
             ... on level 3 of the Dungeon.
             The game lasted 00:09:26 (3902 turns).

hawla the Grave Robber (Deep Elf Necromancer)       Turns: 3902, Time: 00:09:27

Health: -1/30      AC:  6    Str:  2 (5)  XL:     5   Next: 1%
Magic:  1/12       EV: 13    Int: 20 (21) God:
Gold:   139        SH:  0    Dex: 14 (15) Spells: 3/11 levels left

rFire    + + .     SeeInvis .   i - staff of fire
rCold    + + .     Faith    .   (no shield)
rNeg     . . .     Spirit   .   a - +0 robe
rPois    .         Reflect  .   (no helmet)
rElec    .         Harm     .   f - scarf {rC+ rF+}
rCorr    .         Rampage  .   (no gloves)
Will     .....                  (no boots)
Stlth    ++........             (no amulet)
HPRegen  0.10/turn              d - ring of protection from cold
MPRegen  0.13/turn              l - +4 ring of protection

@: no status effects
A: no striking features
a: no special abilities


You were on level 3 of the Dungeon.
You visited 1 branch of the dungeon, and saw 3 of its levels.

You collected 139 gold pieces.

Inventory:

Hand Weapons
 b - a +3 dagger of speed
Missiles
 c - 16 poisoned darts
 e - 6 javelins (quivered)
Armour
 a - a +0 robe (worn)
 f - a scarf of resistance (worn)
Magical Staves
 i - a staff of fire (weapon)
Jewellery
 d - a ring of protection from cold (left hand)
 l - a +4 ring of protection (right hand)
Wands
 j - a wand of iceblast (7)
Scrolls
 g - a scroll of magic mapping
 m - a scroll of identify
Potions
 h - a potion of degeneration


   Skills:
 - Level 2.0 Fighting
 - Level 1.0 Staves
 - Level 1.0 Throwing
 - Level 3.0 Dodging
 - Level 3.0 Stealth
 + Level 3.7 Spellcasting
 + Level 5.2 Necromancy
 - Level 1.0 Fire Magic
 - Level 1.0 Evocations


You had 3 spell levels left.
You knew the following spells:

 Your Spells              Type           Power      Damage    Failure   Level
a - Pain                  Necr           96%        1d8       1%          1
b - Vampiric Draining     Necr           12%        2d7       4%          3
c - Animate Dead          Necr           12%        N/A       16%         4

Your spell library contained the following spells:

 Spells                   Type           Power      Damage    Failure   Level
 Animate Skeleton         Necr           48%        N/A       1%          1
 Summon Small Mammal      Summ           12%        N/A       13%         1
 Call Canine Familiar     Summ           3%         N/A       36%         3
 Summon Guardian Golem    Hex/Summ       3%         N/A       36%         3
 Agony                    Necr           24%        N/A       38%         5


Dungeon Overview and Level Annotations

Branches:
Dungeon (3/15)

Altars:

Shops:
D:3 (


Message History

The goblin hits you with a +0 club. The endoplasm closely misses you.
As you read the scroll labelled AWAGOI DUPRE, it crumbles to dust.
It is a scroll of identify.
You don't have any unidentified items.
The orc priest hits you but does no damage.
The goblin hits you with a +0 club. The endoplasm freezes you.
You are frozen.
You resist.
The orc priest mumbles some strange prayers to Beogh against you.
You struggle to resist.
The endoplasm freezes you.
You are frozen.
You resist. The endoplasm closely misses you.
Found a sharpened wooden wand.
A bat comes into view.
The endoplasm barely misses you. The orc priest barely misses you.
The goblin completely misses you.
You see here a wand of iceblast (7).
j - a wand of iceblast (7)
The endoplasm barely misses you. The orc priest barely misses you.
The endoplasm hits you but does no damage.
The orc priest barely misses you.
The orc priest miscasts a cantrip.
Casting: Vampiric Draining (dangerous; 4% risk of failure)
Confirm with . or Enter, or press ? or * to list all spells.
Aiming: Vampiric Draining (dangerous; 4% risk of failure)
Press: ? - help, Shift-Dir - straight line, f - endoplasm
Aim: an endoplasm Nothing appears to happen.
The bat hits you but does no damage. The endoplasm freezes you.
You are frozen.
You resist.
The orc priest miscasts a cantrip.
Aiming: Iceblast
Press: ? - help, Shift-Dir - straight line, f - endoplasm
Aim: an endoplasm
Okay, then.
The bat barely misses you.
The orc priest invokes the aid of Beogh against you.
Beogh smites you!
You die...

#....# ***,..##
*,,,,,,* ##..(##
*##..###.****,*
###.#..#####.......*
***
.)).##....##...#****
.)..#......b...#
......####.###.##
.....## #.o.g.b##
.....# #####.J.##
.....# #.#@.# .....#
####.#** ....##
*...* ...## *##.#
#### *.# *,#*
*,,*****
**,,,,,*****
*,,,,,,,,,*


You could see an orc priest, an endoplasm, a goblin and a bat.

Vanquished Creatures
  An iguana (D:2)
  A killer bee zombie (D:3)
  An adder (D:2)
  2 gnolls (D:3)
  A worm (D:2)
  2 orcs (D:3)
  4 ball pythons
  9 bats
  8 endoplasms
  2 giant cockroaches
  3 goblins
  3 hobgoblins
  4 jackals
  4 kobolds
  2 quokkas
  2 frilled lizards (D:1)
  3 rats
52 creatures vanquished.

Vanquished Creatures (collateral kills)
  A gnoll (D:3)
1 creature vanquished.

Grand Total: 53 creatures vanquished

Notes
Turn   | Place    | Note
-------+----------+-------------------------------------------
     0 | D:1      | hawla the Deep Elf Necromancer began the quest for the Orb.
     0 | D:1      | Reached XP level 1. HP: 10/10 MP: 6/6
   479 | D:1      | Reached XP level 2. HP: 13/16 MP: 6/8
   968 | D:1      | Reached skill level 1 in Fighting
  1652 | D:2      | Reached XP level 3. HP: 20/20 MP: 9/9
  1671 | D:2      | Learned a level 3 spell: Vampiric Draining
  1977 | D:2      | Found a faded altar of an unknown god.
  2055 | D:2      | Reached skill level 1 in Throwing
  2904 | D:2      | Reached XP level 4. HP: 22/26 MP: 0/10
  2909 | D:2      | Learned a level 4 spell: Animate Dead
  3353 | D:3      | Found Faidd's Weapon Shop.
  3492 | D:3      | Reached skill level 5 in Necromancy
  3561 | D:3      | Reached skill level 1 in Fire Magic
  3575 | D:3      | Reached skill level 1 in Evocations
  3687 | D:3      | Reached skill level 1 in Staves
  3876 | D:3      | Reached XP level 5. HP: 28/30 MP: 3/12
  3902 | D:3      | Killed from afar by an orc priest

Illustrated notes

Levels and vault maps discovered:
D:1:      dpeg_arrival_pits, layout_basic, minmay_hedge_maze
D:2:      layout_loops_cross, hellmonk_ecumenical_altar_pennies_from_heaven,
          serial_bayou_pond_a, minmay_misc_feat_square, minivault_5,
          kennysheep_minor_cross, kennysheep_generic_room_6
D:3:      layout_rooms, serial_shops, shop, nicolae_shop_trees,
          nicolae_shop_overgrown_old_shop

Skill      XL: |  1  2  3  4 |
---------------+-------------+-----
Stealth        | 3 |  3.0
Fighting       | 1 2 |  2.0
Dodging        | 3 |  3.0
Throwing       | 1 |  1.0
Necromancy     | 5 |  5.2
Fire Magic     | 1 |  1.0
Evocations     | 1 |  1.0
Staves         | 1 |  1.0
Spellcasting   | |  3.7

Action                   |  1- 3 |  4- 6 || total
-------------------------+-------+-------++-------
Melee: Unarmed           |     3 |       ||     3
       Staff             |    21 |    10 ||    31
Throw: Dart              |     3 |       ||     3
       Javelin           |       |     2 ||     2
 Cast: Pain              |    56 |    15 ||    71
       Vampiric Draining |     6 |     8 ||    14
       Animate Dead      |       |     4 ||     4
  Use: Scroll            |     2 |     3 ||     5
       Potion            |       |     2 ||     2
 Stab: Sleeping          |     1 |       ||     1
       Distracted        |       |     2 ||     2
Armor: Robe              |     9 |    13 ||    22
Dodge: Dodged            |    45 |    33 ||    78
